 Dungeon Crawl Stone Soup version 0.21.1-1-g345015f (webtiles) character file.

49 JeffiDaFish the Digger (level 3, -1/19 HPs)
             Began as a Gargoyle Earth Elementalist on Feb 6, 2018.
             Splashed by Ijyb's acid (12 damage)
             ... on level 2 of the Dungeon.
             The game lasted 00:04:38 (1269 turns).

JeffiDaFish the Digger (GrEE)                       Turns: 1269, Time: 00:04:40

Health: -1/19      AC:  2    Str: 11    XL:     3   Next: 77%
Magic:  1/6        EV: 12    Int: 16    God:
Gold:   59         SH:  0    Dex: 10    Spells: 3/7 levels left

rFire    . . .     SeeInvis .   g - +0 whip
rCold    . . .     Gourm    .   (no shield)
rNeg     + . .     Faith    .   c - +1 robe
rPois    ∞         Spirit   .   (no helmet)
rElec    +         Reflect  .   (no cloak)
rCorr    .         Harm     .   (no gloves)
MR       .....                  (no boots)
Stlth    ++........             (no amulet)
HPRegen  0.06/turn              (no ring)
MPRegen  0.10/turn              (no ring)

@: corroded
A: negative energy resistance 1, electricity resistance, unbreathing,
petrification resistance, rot immunity, AC +3
a: no special abilities


You were on level 2 of the Dungeon.
You were not hungry.

You visited 1 branch of the dungeon, and saw 2 of its levels.

You collected 59 gold pieces.

Inventory:

Hand Weapons
 g - a +0 whip (weapon)
Missiles
 b - 75 stones (quivered)
Armour
 c - a +1 robe (worn)
Scrolls
 f - 3 scrolls of identify
 i - a scroll of remove curse
Potions
 h - a potion of brilliance
 j - a potion of might
Books
 e - a book of Geomancy

   Spells                             Type                      Level
   a - Sandblast                      Earth                        1
   b - Passwall                       Transmutation/Earth          2
   c - Stone Arrow                    Conjuration/Earth            3
   d - Petrify                        Transmutation/Earth          4
   e - Lee's Rapid Deconstruction     Earth                        5
Comestibles
 a - 9 chunks of flesh
 d - 2 rations


   Skills:
 - Level 1.9 Dodging
 - Level 2.2 Stealth
 - Level 0.1 Unarmed Combat
 + Level 2.6 Spellcasting
   Level 0.7 Transmutations
 + Level 4.7 Earth Magic


You had 3 spell levels left.
You knew the following spells:

 Your Spells              Type           Power        Failure   Level  Hunger
a - Sandblast             Erth           ###...       2%          1    #......
b - Stone Arrow           Conj/Erth      #.....       22%         3    ###....


Dungeon Overview and Level Annotations

Branches:
Dungeon (2/15)

Altars:

Annotations:
D:2 Ijyb


Innate Abilities, Weirdness & Mutations

You are resistant to torment.
Your stone body is resilient. (AC +3)
You are immune to poison.
You resist negative energy. (rN+)
You are resistant to electric shocks. (rElec)
You can survive without breathing.
You are immune to petrification.
You are immune to rotting.


Message History

You don't know that spell.
Casting: Sandblast
Confirm with . or Enter, or press ? or * to list all spells.
Aiming: Stone Arrow
Press: ? - help, Shift-Dir - straight line, f - Ijyb
Aim: Ijyb, wearing a ring mail The stone arrow hits Ijyb.
Ijyb is lightly wounded.
Casting: Stone Arrow
Confirm with . or Enter, or press ? or * to list all spells.
Aiming: Sandblast
Press: ? - help, Shift-Dir - straight line, f/p - Ijyb
Aim: Ijyb, wearing a ring mail (lightly wounded)
The blast of sand hits Ijyb.
Ijyb is lightly wounded.
b - 75 stones Ijyb zaps a wand.
The bolt of acid hits you! The acid corrodes you!
You are splashed with acid!
The acid burns!
Ouch! That really hurt!
You die...

#.# ..#
############# #.#
#..## # #.# #.#
##...## # #.# #.#
##.....## #.#
#.###.......# #.#
#.#.........# #.#
#.#.#...g...# #)#
#.#..#....>#
#.#####.#...#.@.#
#......÷......###
#######.......#
####.##.#
#.##.####
#)##....##### ###
#.##.##.8.8%8 #.#
#.##.#.......
#.###
######.##.#...g...
#...#


You could see Ijyb.

Vanquished Creatures
  An adder (D:2)
  An ooze (D:2)
  A dart slug (D:1)
  6 bats
  2 giant cockroaches
  2 hobgoblins
  10 goblins
  6 kobolds
  4 rats (D:1)
33 creatures vanquished.

Notes
Turn   | Place    | Note
-------+----------+-------------------------------------------
     0 | D:1      | JeffiDaFish the Gargoyle Earth Elementalist began the quest for the Orb.
     0 | D:1      | Reached XP level 1. HP: 10/10 MP: 3/3
   120 | D:1      | Reached skill level 4 in Earth Magic
   140 | D:1      | Reached XP level 2. HP: 13/15 MP: 0/5
   851 | D:2      | Reached XP level 3. HP: 16/19 MP: 1/6
   905 | D:2      | Learned a level 3 spell: Stone Arrow
  1185 | D:2      | Noticed Ijyb
  1269 | D:2      | Splashed by Ijyb's acid

Skill      XL: |  1 |
---------------+----+-----
Earth Magic    | 4 |  4.7
Dodging        | |  1.9
Stealth        | |  2.2
Unarmed Combat | |  0.1
Spellcasting   | |  2.6
Transmutations | |  0.7

Action                   || total
-------------------------++-------
Melee: Unarmed           ||    10
       Whip              ||    34
 Cast: Sandblast         ||    38
       Stone Arrow       ||     1
  Use: Potion            ||     5
       Scroll            ||     3
 Stab: Sleeping          ||     1
  Eat: Chunk             ||     2
Armor: Robe              ||    24
Dodge: Dodged            ||    41
